 Dungeon Crawl Stone Soup version 0.29-a0-221-gceb61267dd (webtiles) character file.

Game seed: 15367288234116938840

805 Inarius the Chopper (level 7, 0/55 HPs)
             Began as a Demonspawn Fighter on Feb 26, 2022.
             Slain by an ogre
             ... wielding a +0 giant spiked club
              (22 damage)
             ... on level 4 of the Dungeon.
             The game lasted 00:04:19 (3835 turns).

Inarius the Chopper (Demonspawn Fighter)            Turns: 3835, Time: 00:04:20

Health: 0/55       AC: 17    Str: 18    XL:     7   Next: 60%
Magic:  0/7        EV:  9    Int: 10    God:
Gold:   139        SH:  4    Dex: 12    Spells: 6/6 levels left

rFire   . . .      SeeInvis .   a - +0 war axe
rCold   . . .      Faith    .   c - +0 buckler
rNeg    . . .      Spirit   +   b - +0 scale mail
rPois   .          Reflect  .   h - +0 helmet
rElec   .          Harm     .   r - scarf {+Inv}
rCorr   .          Rampage  .   (no gloves)
Will    .....                   (no boots)
Stlth   ..........              (no amulet)
HPRegen 0.18/turn               s - +4 ring of protection
MPRegen 0.20/turn               l - +4 ring of protection

@: no status effects
A: rugged brown scales 1, magic shield, magic regeneration
a: Evoke Invisibility


You were on level 4 of the Dungeon.
You visited 1 branch of the dungeon, and saw 5 of its levels.

You collected 139 gold pieces.

Inventory:

Hand Weapons
 a - a +0 war axe (weapon)
Armour
 b - a +0 scale mail (worn)
 c - a +0 buckler (worn)
 h - a +0 helmet (worn)
 r - a scarf of invisibility (worn)
Jewellery
 i - a ring of protection from fire
 l - a +4 ring of protection (right hand)
 s - a +4 ring of protection (left hand)
 w - an amulet of reflection
Wands
 u - a wand of iceblast (9)
Scrolls
 e - a scroll of amnesia {unknown}
 g - 3 scrolls of identify {unknown}
 o - a scroll of magic mapping {unknown}
 q - a scroll of fear {unknown}
 t - a scroll of silence {unknown}
 v - a scroll of teleportation {unknown}
 x - a scroll of enchant weapon {unknown}
Potions
 d - a potion of ambrosia {unknown}
 f - a potion of lignification {unknown}
 j - a potion of haste {unknown}
 k - 2 potions of magic {unknown}
 m - a potion of degeneration {unknown}
 n - a potion of invisibility {unknown}
 p - a potion of heal wounds {unknown}


   Skills:
 + Level 4.0 Fighting
 * Level 6.3 Axes
 + Level 3.8 Armour
 + Level 3.4 Shields
 * Level 2.3 Evocations


You had 6 spell levels left.
You didn't know any spells.
Your spell library was empty.

Dungeon Overview and Level Annotations

Branches:
Dungeon (5/15)
 Temple: D:4-7

Altars:
Makhleb

Shops:
D:4 (

Portals:
Abyss: D:4

Annotations:
D:4 2 transporters, Zero0's ghost, amateur HOFi


Innate Abilities, Weirdness & Mutations

You are partially covered in rugged brown scales. (AC +1, +3% HP)
When hurt, damage is shared between your health and your magic reserves.
You regenerate magic rapidly.


Message History

Deactivating autopickup; reactivate with Ctrl-A.
Something hits you but does no damage.
You miss something. Something hits you. Something shocks you.
You miss something.
A sky beast appears from thin air!
Reactivating autopickup.
You block the sky beast's attack.
You miss the sky beast.
The sky beast is almost dead.
The sky beast misses you. The sky beast closely misses you.
You hit the sky beast.
You kill the sky beast!
Your Fighting skill increases to level 4!
You enter the shallow water.
Moving in this stuff is going to be slow. 2 ogres come into view.
Found a helmet.
The ogre shouts! x2; You hear a shout! x2
A water moccasin zombie comes into view.
An orc priest comes into view. It is wielding a +0 whip.
Found 11 gold pieces.
The orc priest shouts!
You hear a shout!
An orc comes into view. It is wielding a +0 club.
You slash the water moccasin zombie!
The water moccasin zombie is moderately damaged.
The water moccasin zombie misses you.
The orc priest mumbles some strange prayers to Beogh against you.
Beogh smites you!
You hear a shout!
You enter the shallow water.
Moving in this stuff is going to be slow.
The orc priest miscasts a cantrip.
There is a stone staircase leading up here.
The ogre hits you with a +0 giant spiked club!
You climb upwards.
Level annotation: 2 transporters, Zero0's ghost, amateur HOFi
There is a stone staircase leading down here.
You hit the ogre.
The ogre is lightly wounded.
The ogre hits you with a +0 giant spiked club!!
You die...

.###.....##.#######..#...##.#####
............<........#...#.># #
............########.#.....## #
####.....#### #......##
##.##....# ####....### ....#...##
##........## #####...#
##..........## ##......#
#............#
........#######.@O.........#
........#....)))...........#
...#.......##)............##
..#####..#...............##
#..###..####.####..#.#####
.#.......# ##...##.....###
.........###.....##.##...#
......#.............####.#####
.####.........∩.)............#


You could see an ogre.

Vanquished Creatures
  Grinder (D:4)
  A sky beast (D:5)
  3 ogres
  2 scorpions (D:4)
  4 adders
  An ufetubus (D:4)
  A worm (D:2)
  4 dart slugs
  7 orcs
  8 ball pythons
  4 bats
  7 endoplasms
  4 giant cockroaches
  6 goblins
  5 hobgoblins
  7 jackals
  8 kobolds
  A quokka (D:3)
  4 frilled lizards
  6 rats
84 creatures vanquished.

Notes
Turn   | Place    | Note
-------+----------+-------------------------------------------
     0 | D:1      | Inarius the Demonspawn Fighter began the quest for the Orb.
     0 | D:1      | Reached XP level 1. HP: 18/18 MP: 1/1
   369 | D:1      | Reached skill level 2 in Axes
   372 | D:1      | Gained mutation: You regenerate magic rapidly. [demonic
                  | ancestry]
   372 | D:1      | Reached XP level 2. HP: 22/24 MP: 2/2
   636 | D:1      | Found a faded altar of an unknown god.
   748 | D:1      | Reached XP level 3. HP: 25/29 MP: 3/3
  1336 | D:2      | Reached skill level 3 in Axes
  1500 | D:2      | Reached XP level 4. HP: 35/35 MP: 4/4
  1846 | D:3      | Noticed an ogre
  2579 | D:3      | Found a burning altar of Makhleb.
  2799 | D:4      | Found a transporter.
  2940 | D:4      | Noticed Grinder
  2942 | D:4      | Paralysed by Grinder for 7 turns
  2952 | D:4      | Paralysed by Grinder for 3 turns
  2959 | D:4      | Killed Grinder
  2960 | D:4      | Reached skill level 4 in Axes
  2960 | D:4      | Reached skill level 1 in Evocations
  2960 | D:4      | Reached XP level 5. HP: 34/41 MP: 5/5
  2960 | D:4      | Gained mutation: You are partially covered in rugged brown
                  | scales. (AC +1, +3% HP) [demonic ancestry]
  2960 | D:4      | Reached XP level 6. HP: 34/48 MP: 6/6
  3110 | D:4      | Reached skill level 5 in Axes
  3184 | D:4      | Found Myvujin's Weapon Boutique.
  3273 | D:4      | Gained mutation: When hurt, damage is shared between your
                  | health and your magic reserves. [demonic ancestry]
  3273 | D:4      | Reached XP level 7. HP: 49/54 MP: 7/7
  3345 | D:5      | Entered Level 5 of the Dungeon
  3524 | D:4      | Noticed Zero0's ghost (amateur HOFi)
  3539 | D:4      | Found a transporter.
  3546 | D:4      | Reached skill level 6 in Axes
  3618 | D:4      | Found a one-way gate to the infinite horrors of the Abyss.
  3835 | D:4      | Slain by an ogre

Illustrated notes

Levels and vault maps discovered:
D:1:      dpeg_arrival_long_road, layout_loops_cross,
          ebering_ecumenical_altar_rust, serial_park_tiny_2,
          minmay_misc_feat_alley, minmay_pentomino_t2
D:2:      layout_rooms, minmay_misc_feat_nine_boxes, minmay_misc_feat_ornament
D:3:      layout_rooms, lightli_temple_of_fire
D:4:      layout_rooms, gammafunk_ghost_abyssal_escape, serial_shops,
          nicolae_shop_bloodbath_and_beyond, grunt_decor_clamped, uniq_grinder
D:5:      layout_basic, mainiacjoe_overflow_swirl, serial_undead,
          serial_undead_c, serial_undead_f, serial_undead_f, serial_undead_e,
          serial_undead_f, serial_undead_e

Skill      XL: |  1  2  3  4  5  6  7 |
---------------+----------------------+-----
Axes           | 2 3 4 5 6 |  6.3
Armour         | 3 |  3.8
Shields        | 3 |  3.4
Evocations     | 1 2 |  2.3
Fighting       | 4 |  4.0

Action                   |  1- 3 |  4- 6 |  7- 9 || total
-------------------------+-------+-------+-------++-------
Melee: War axe           |   119 |   132 |    36 ||   287
  Use: Potion            |       |     1 |       ||     1
Armor: Scale mail        |    54 |   117 |    22 ||   193
Dodge: Dodged            |    54 |    80 |    11 ||   145
Block: Buckler           |    31 |    43 |     4 ||    78

Table legend: (Time is in decaauts)
 A = Elapsed time spent in this place.
 B = Non-inter-level travel time spent in this place.
 C = Inter-level travel time spent in this place.
 D = Time resting spent in this place.
 E = Time spent auto-exploring this place.
 F = Levels seen in this place.
 G = Mean time per level.
                   A        B        C        D        E       F      G
               +--------+--------+--------+--------+--------+-----+--------+
         Total |   3944 |   3581 |    363 |    573 |   2187 |   5 |  788.8 |
       Dungeon |   3944 |   3581 |    363 |    573 |   2187 |   5 |  788.8 |
               +--------+--------+--------+--------+--------+-----+--------+

Top non-repeatable levels by time:
     D:1: 1512 daAuts
     D:4: 1091 daAuts
     D:2: 718 daAuts
     D:3: 575 daAuts
     D:5: 46 daAuts
